 Dungeon Crawl Stone Soup version 0.30.1-4-g462c640d31 (webtiles) character file.

Game seed: 17498002310596344914

11025 arthad the Trooper (level 11, -11/93 (94) HPs)
             Began as a White Draconian Transmuter on Sept 5, 2023.
             Was an Elder of Cheibriados.
             Mangled by a yak (15 damage)
             ... on level 9 of the Dungeon.
             The game lasted 00:25:22 (8919 turns).

arthad the Trooper (White Draconian Transmuter)     Turns: 8919, Time: 00:25:23

HP:   -11/93 (94)   AC:  7    Str: 21    XL:     11   Next: 43%
MP:   19/21         EV: 18    Int: 26    God:    Cheibriados [****..]
Gold: 654           SH:  0    Dex: 28    Spells: 9/23 levels left

rFire   . .          .
                       - Unarmed
rCold   + . .        (no shield)
rNeg    . . .        (body armour unavailable)
rPois   .            A - +2 hood of the Assassin {Detect Stab+ Stlth++}
rElec   .            (no cloak)
rCorr   .            b - +0 pair of gloves
SInv    .            y - +0 pair of boots
Will    .....        w - amulet of regeneration
Stlth   +++++        g - ring of flight
HPRegen 1.15/turn    o - +6 ring of dexterity
MPRegen 0.17/turn

%: no passive effects
@: wereblooded, corroded, flying, lightly drained, very slow
A: breathe frost, AC +7, unfitting armour, cold resistance 1, cold-blooded
a: Breathe Frost, Renounce Religion, Bend Time, Temporal Distortion, Slouch


You were on level 9 of the Dungeon.
You worshipped Cheibriados.
Cheibriados was greatly pleased with you.
You visited 2 branches of the dungeon, and saw 11 of its levels.

You collected 654 gold pieces.

Inventory:

Hand Weapons
 E - a +3 long sword of flaming
 F - the +0 falchion "Wuokig" {antimagic, Int+3}
   (You found it on level 8 of the Dungeon)

   Int:       It affects your intelligence (+3).
 P - a +0 scimitar of flaming
Armour
 b - a +0 pair of gloves (worn)
 y - a +0 pair of boots (worn)
 A - the +2 hood of the Assassin (worn) {Detect Stab+ Stlth++}
   (You found it on level 6 of the Dungeon)

   Detect:    It allows the wearer to sense nearby creatures.
   Stab+:     It allows the wearer to make particularly effective stabbing
   attacks against helpless or unaware enemies with any weapon.
   Stlth:     It makes you much more stealthy.
 M - a +2 cloak
Magical Staves
 v - a staff of earth
 G - the staff of conjuration "Lonydokhono" {Fly Str+5}
   (You found it on level 8 of the Dungeon)

   [staff of conjuration]

   Base accuracy: +5 Base damage: 5 Base attack delay: 1.2 This weapon's minimum
   attack delay (0.6) is reached at skill level 12.
   Str:       It affects your strength (+5).
   Fly:       It grants you flight.
   It falls into the 'Staves' category.
   It is a one-handed weapon.
 H - a staff of cold
Jewellery
 g - a ring of flight (left hand)
 k - a ring of willpower
 o - a +6 ring of dexterity (right hand)
 w - an amulet of regeneration (around neck)
 C - a ring of magical power
 I - a ring of willpower
Wands
 s - a wand of flame (24)
 N - a wand of iceblast (11)
 O - a wand of light (5)
Scrolls
 e - 9 scrolls of identify {unknown}
 h - a scroll of acquirement {unknown}
 i - a scroll of vulnerability {unknown}
 j - 4 scrolls of teleportation {unknown}
 l - a scroll of enchant weapon {unknown}
 m - 2 scrolls of silence {unknown}
 p - a scroll of fear {unknown}
 q - 2 scrolls of blinking {unknown}
 r - 2 scrolls of fog {unknown}
 t - a scroll of amnesia {unknown}
 B - a scroll of noise {unknown}
 D - a scroll of magic mapping {unknown}
Potions
 a - 5 potions of lignification
 c - 2 potions of curing
 d - a potion of might
 f - 2 potions of magic {unknown}
 n - 2 potions of attraction {unknown}
 u - 5 potions of degeneration {unknown}
 x - a potion of resistance {unknown}
 z - a potion of flight {unknown}
 K - a potion of mutation {unknown}
 L - 2 potions of haste {unknown}
Miscellaneous
 J - a box of beasts


   Skills:
 * Level 7.8 Fighting
 * Level 6.6 Dodging
 + Level 2.3 Stealth
 * Level 7.8 Unarmed Combat
 * Level 6.8 Spellcasting
 + Level 5.0 Translocations
 + Level 6.4 Transmutations
 * Level 7.2 Ice Magic
 * Level 5.0 Invocations


You had 9 spell levels left.
You knew the following spells:

 Your Spells              Type           Power      Damage    Failure   Level
a - Beastly Appendage     Tmut           84%        N/A       1%          1
b - Wereblood             Tmut           42%        N/A       1%          2
c - Spider Form           Tmut/Pois      25%        N/A       4%          3
d - Blink                 Tloc           68%        N/A       1%          2
e - Lesser Beckoning      Tloc           68%        N/A       1%          2
f - Ice Form              Ice/Tmut       44%        N/A       3%          4

Your spell library contained the following spells:

 Spells                   Type           Power      Damage    Failure   Level
 Momentum Strike          Conj/Tloc      42%        3d9       3%          2
 Poisonous Vapours        Pois/Air       16%        N/A       10%         2
 Scorch                   Fire           16%        2d5       10%         2
 Mephitic Cloud           Conj/Pois/Air  8%         N/A       19%         3
 Stone Arrow              Conj/Erth      16%        3d8       19%         3
 Flame Wave               Conj/Fire      8%         2d5       54%         4
 Freezing Cloud           Conj/Ice/Air   10%        6-21      54%         5
 Iskenderun's Battlesphe  Conj           8%         2d6       87%         5
 Conjure Ball Lightning   Conj/Air       4%         3x3d6     100%        6
 Iron Shot                Conj/Erth      4%         9d2       100%        6
 Summon Cactus Giant      Summ           4%         N/A       100%        6
 Spellforged Servitor     Conj/Summ      4%         N/A       100%        7
 Discord                  Hex            4%         N/A       100%        8
 Disjunction              Tloc           17%        N/A       100%        8
 Lehudib's Crystal Spear  Conj/Erth      4%         10d3      100%        8
 Animate Armour           Summ/Erth      Unusable   N/A       N/A         4

Dungeon Overview and Level Annotations

Branches:
Dungeon (10/15)            Temple (1/1) D:6            Lair (0/5) D:9
    Orc: D:9-12

Altars:
Ashenzari
Cheibriados
Dithmenos
Elyvilon
Fedhas
Gozag
Hepliaklqana
Kikubaaqudgha
Makhleb
Nemelex Xobeh
Okawaru
Qazlal
Ru
Sif Muna
Trog
Uskayaw
Vehumet
Wu Jian
Xom
Yredelemnul
The Shining One

Shops:
D:2 *   D:8 [


Innate Abilities, Weirdness & Mutations

You can breathe waves of freezing cold which knock back foes.
Your icy white scales are hard. (AC +7)
You cannot fit into any form of body armour.
Your flesh is cold resistant. (rC+)
You are cold-blooded and may be slowed by cold attacks.


Message History

The acid dragon barely misses you. The yak gores you!
There is a stone staircase leading up, spattered with blood here.
The acid dragon barely misses you. x2; The yak gores you.
The yak gores you!
You fly upwards.
There is a stone staircase leading down here.
Things that are here:
a +0 robe; a +0 mace
Okay, then.
Casting: Wereblood (safe; 1% risk of failure)
Confirm with . or Enter, or press ? or * to list all spells.
Okay, then.
Casting: Wereblood (safe; 1% risk of failure)
Confirm with . or Enter, or press ? or * to list all spells.
Your blood is infused with primal strength.
The acid dragon bites you but does no damage.
The acid dragon completely misses you. The yak gores you!
* * * LOW HITPOINT WARNING * * *
The yak gores you but does no damage.
You hit the acid dragon but do no damage.
The acid dragon spits acid at you. The splash of acid hits you!
* * * LOW HITPOINT WARNING * * *
The acid corrodes you! The yak closely misses you. x2
You feel much better.
You have got your breath back.
The acid dragon closely misses you.
The acid dragon claws you but does no damage.
The yak barely misses you. The yak gores you!
* * * LOW HITPOINT WARNING * * *
You barely miss the yak.
The yak is heavily wounded.
The acid dragon misses you. The acid dragon claws you.
* * * LOW HITPOINT WARNING * * *
The yak gores you!
* * * LOW HITPOINT WARNING * * *
The yak gores you!
* * * LOW HITPOINT WARNING * * *
The yak attacks as you move away! The yak gores you!
You die...

.............#..........#
........................#
.....#..................######
....##.......................#
..####>......................#
..................<..........#
...........................>.#
.#..............Y............#
......).......[D@...###......#
............#...[Y..###.######
........................###
...........#####.........<####
...................#.........#
...........##..###.........#.#
#.#......####..# ##.#....###.##
#........##....# #....##......#
#####.....#....###..####......#


You could see 2 yaks and an acid dragon.

Vanquished Creatures
  Erica (D:9)
  A two-headed ogre (D:8)
  An elephant (D:9)
  Joseph (D:8)
  Maggie (D:8)
  A tengu conjurer (D:8)
  A yaktaur (shapeshifter) (D:8)
  A troll (D:9)
  Prince Ribbit (D:6)
  3 slime creatures (D:7)
  5 yaks
  5 wyverns
  2 basilisks (D:9)
  3 steam dragons
  2 water moccasins
  An ice beast (D:4)
  4 orc warriors
  A black bear (D:4)
  3 ogres
  5 centaurs
  3 phantoms (D:5)
  8 kobold brigands
  Blork the orc (D:6)
  7 bullfrogs
  A gnoll sergeant (D:6)
  3 necrophages (D:5)
  3 scorpions
  13 wights
  3 killer bees (D:8)
  2 bullfrog zombies (D:5)
  4 orc priests
  3 gnoll boudas
  4 hounds
  A human zombie (D:5)
  5 jellies (D:7)
  A sleepcap (D:5)
  5 iguanas
  13 orc wizards
  2 hound zombies (D:5)
  3 mummies (D:5)
  25 gnolls
  3 adders (D:5)
  3 shadow imps
  2 ufetubi
  3 worms
  A dart slug (D:1)
  31 orcs
  11 endoplasms
  5 giant cockroaches
  7 goblins
  4 hobgoblins
  13 jackals
  6 quokkas
  6 ball pythons
  11 bats
  5 frilled lizards
  35 kobolds
  4 rats
303 creatures vanquished.

Notes
Turn   | Place    | Note
-------+----------+-------------------------------------------
     0 | D:1      | arthad the Draconian Transmuter began the quest for the
                  | Orb.
     0 | D:1      | Reached XP level 1. HP: 16/16 MP: 3/3
    83 | D:1      | Reached XP level 2. HP: 23/23 MP: 3/5
   306 | D:1      | You fall into a shaft and drop 1 floor!
   312 | D:2      | Found a glowing golden altar of the Shining One.
   547 | D:1      | Reached XP level 3. HP: 25/29 MP: 4/6
   991 | D:2      | Reached XP level 4. HP: 25/36 MP: 5/7
  1395 | D:2      | Found Ruicluez's General Store.
  1688 | D:3      | Reached XP level 5. HP: 34/42 MP: 6/9
  1720 | D:3      | Learned a level 2 spell: Wereblood
  1724 | D:3      | Learned a level 3 spell: Spider Form
  1915 | D:3      | Reached XP level 6. HP: 33/51 MP: 8/10
  2139 | D:3      | Found a faded altar of an unknown god.
  2498 | D:3      | Found a shimmering blue altar of Sif Muna.
  2808 | D:4      | Noticed an ice beast
  2816 | D:4      | Killed an ice beast
  2817 | D:4      | Your scales start taking on an icy white colour.
  2817 | D:4      | Reached XP level 7. HP: 58/58 MP: 10/12
  2817 | D:4      | Gained mutation: Your flesh is cold resistant. (rC+) [White
                  | Draconian growth]
  2868 | D:4      | Found a glowing golden altar of the Shining One.
  3088 | D:4      | Learned a level 2 spell: Blink
  3091 | D:4      | Learned a level 2 spell: Lesser Beckoning
  3495 | D:4      | Found an iron altar of Okawaru.
  3506 | D:4      | Reached skill level 1 in Ice Magic
  3522 | D:4      | Reached skill level 1 in Translocations
  3818 | D:5      | Entered Level 5 of the Dungeon
  3973 | D:5      | Found a shadowy altar of Dithmenos.
  4115 | D:5      | Reached skill level 5 in Unarmed Combat
  4115 | D:5      | Reached XP level 8. HP: 54/67 MP: 14/14
  4581 | D:4      | Found a shimmering altar of Xom.
  4973 | D:5      | Reached skill level 5 in Fighting
  4986 | D:5      | Reached skill level 5 in Transmutations
  5002 | D:5      | Found a basalt altar of Yredelemnul.
  5148 | D:5      | Found a sacrificial altar of Ru.
  5271 | D:6      | Reached XP level 9. HP: 66/74 MP: 16/16
  5350 | D:6      | Found a sparkling altar of Nemelex Xobeh.
  5435 | D:6      | Found a staircase to the Ecumenical Temple.
  5436 | D:6      | Noticed Blork the orc
  5448 | D:6      | Killed Blork the orc
  5500 | Temple   | Entered the Ecumenical Temple
  5657 | Temple   | Became a worshipper of Cheibriados the Contemplative
  5729 | D:6      | Found an opulent altar of Gozag.
  5729 | D:6      | Found a broken altar of Ashenzari.
  5799 | D:6      | Found the +2 hood of the Assassin {Detect Stab+ Stlth++}
  5962 | D:6      | Noticed Prince Ribbit
  5980 | D:6      | Reached skill level 5 in Spellcasting
  5984 | D:6      | Killed Prince Ribbit
  5985 | D:6      | Reached skill level 5 in Dodging
  6129 | D:6      | Found an ornate altar of the Wu Jian Council.
  6194 | D:7      | Learned a level 4 spell: Ice Form
  6445 | D:7      | Found a hide-covered altar of Uskayaw.
  6460 | D:7      | Reached skill level 1 in Invocations
  6460 | D:7      | Reached * piety under Cheibriados
  6564 | D:7      | Reached skill level 5 in Ice Magic
  6735 | D:7      | Reached XP level 10. HP: 60/83 MP: 16/18
  6897 | D:7      | Reached ** piety under Cheibriados
  6942 | D:7      | Found a blossoming altar of Fedhas.
  7232 | D:8      | Noticed Maggie
  7249 | D:8      | Killed Maggie
  7351 | D:8      | Identified the +0 falchion "Wuokig" {antimagic, Int+3}
  7377 | D:8      | Identified the +0 robe of Brilliance {rPois}
  7379 | D:8      | Reached skill level 1 in Stealth
  7387 | D:8      | Identified the staff of conjuration "Lonydokhono" {Fly
                  | Str+5}
  7425 | D:8      | Reached *** piety under Cheibriados
  7478 | D:8      | Found a white marble altar of Elyvilon.
  7571 | D:8      | Noticed a two-headed ogre
  7590 | D:8      | Killed a two-headed ogre
  7632 | D:8      | Reached XP level 11. HP: 23/92 MP: 20/20
  8080 | D:8      | Found Penwarus's Armour Emporium.
  8113 | D:8      | Noticed Joseph
  8130 | D:8      | Killed Joseph
  8376 | D:9      | Reached **** piety under Cheibriados
  8412 | D:9      | Found a staircase to the Lair.
  8622 | D:9      | Noticed Erica
  8640 | D:9      | Killed Erica
  8641 | D:9      | Reached skill level 5 in Translocations
  8641 | D:9      | Reached skill level 5 in Invocations
  8902 | D:10     | Entered Level 10 of the Dungeon
  8918 | D:9      | HP: 4/93 [yak (10)]
  8919 | D:9      | Mangled by a yak

Illustrated notes

Levels and vault maps discovered:
D:1:      minmay_arrival_doors, layout_basic, serial_aquarium,
          aquarium_bridge_straight [aquarium_subvault_bridge,
          aquarium_subvault_window, aquarium_subvault_bridge,
          aquarium_subvault_wall], aquarium_window_2, aquarium_window_fake,
          aquarium_window_corner, aquarium_window_2, aquarium_view_2g,
          aquarium_view_2a, aquarium_balcony_5b, palyth_stone_intersect
D:2:      kennysheep_six_static_rooms, layout_loops_ring, basic_altar,
          serial_shops, shop
D:3:      layout_rooms, kennysheep_orc_sif_temple,
          hellmonk_ecumenical_altar_defaced_shrine,
          minmay_misc_feat_secret_circle
D:4:      wander_river, layout_loops_ring, nicolae_overflow_hidden_temple,
          mainiacjoe_overflow_surrounded_room
D:5:      layout_basic, lemuel_mausoleum_altar_yredelemnul,
          grunt_dithmenos_smoke, nicolae_ru_path_of_blood
D:6:      layout_rooms, nzn_wu_jian_contemplation,
          amethyst_overflow_temple_binary, lemuel_round_altar,
          minmay_temple_entry_trees, uniq_blork_the_orc, uniq_prince_ribbit1
D:7:      cheibrodos_fertilizer, layout_rooms, nicolae_uskayaw_dance_studio,
          fedhas_bush_and_centaur_altar
D:8:      kennysheep_ambush_hall, layout_basic, elyvilon_altar_1, serial_shops,
          kennysheep_little_box, minmay_the_grid_2x2
          [minmay_the_grid_stretched_grid, minmay_the_grid_pillar_ring,
          minmay_the_grid_minigrid_medium, minmay_the_grid_prize_diamond_cup],
          uniq_maggie, uniq_joseph
D:9:      layout_rooms, david_lair_generic, uniq_erica
D:10:     layout_rooms, zin_academy, serial_glass, glass_columns_a,
          glass_columns_a, glass_columns_a, minmay_strange_pillars,
          item_on_display_a, feat_on_display, due_unseen_surprise, minivault_1,
          uniq_grum
Temple:   nicolae_temple_bog_church

Skill      XL: |  1  2  3  4  5  6  7  8  9 10 11 |
---------------+----------------------------------+-----
Dodging        | 2 3 4 5 6 |  6.6
Fighting       | 2 3 4 5 6 7 |  7.8
Transmutations | 3 4 5 6 |  6.4
Spellcasting   | 3 4 5 6 |  6.8
Unarmed Combat | 4 5 6 7 |  7.8
Ice Magic      | 2 3 5 6 7 |  7.2
Translocations | 1 3 4 5 |  5.0
Invocations    | 2 4 5 |  5.0
Stealth        | 1 2 |  2.3

Action                     |  1- 3 |  4- 6 |  7- 9 | 10-12 || total
---------------------------+-------+-------+-------+-------++-------
  Melee: Unarmed           |   109 |   238 |   456 |   306 ||  1109
         Tailslap          |    14 |    27 |    64 |    45 ||   150
         Kick              |    16 |    35 |    94 |    15 ||   160
         Headbutt          |     9 |    21 |    61 |    15 ||   106
         Punch             |     2 |     5 |    15 |    15 ||    37
   Cast: Beastly Appendage |    23 |    24 |    34 |     5 ||    86
         Wereblood         |       |     1 |     2 |     7 ||    10
         Spider Form       |       |       |     4 |     1 ||     5
         Ice Form          |       |       |     3 |     5 ||     8
         Blink             |       |       |       |     2 ||     2
 Invoke: Slouch            |       |       |       |     1 ||     1
Ability: Breathe Frost     |       |       |     3 |     7 ||    10
  Evoke: Wand              |       |       |       |     1 ||     1
    Use: Potion            |     3 |       |     3 |     5 ||    11
   Stab: Distracted        |       |     1 |       |     1 ||     2
         Sleeping          |       |       |     3 |     7 ||    10
 Armour: Skin              |    47 |   107 |   124 |    79 ||   357
  Dodge: Dodged            |    70 |   151 |   349 |   274 ||   844
